AoeStats
← THE CREATOR YISUS

Arabia

510312134Analyzed
1v1 RM · 1d ago on Sep 30, 2026· 23m 51s· 2 players
Game mode
Random Map
Map size
Tiny (2 player)
Population
200
Speed
Normal
Resources
Standard
Victory
Conquest
Starting age
Dark Age
Ending age
Imperial Age
RankedLock teamsTeams togetherTeam positionsShared explorationLock speedFull tech treeHidden civsTurbo modeCheats
Victory
Defeat
🇷🇸 Huns · Serbia
708
+13
🇨🇴 Britons · Colombia
642
-13
THE CREATOR YISUS
10:35 Feudal Age
11:20 Double-Bit Axe
16:44 Castle Age
Petr Viitman
8:38 Loom
11:02 Feudal Age
12:21 Wheelbarrow
11:34 Double-Bit Axe
13:05 Horse Collar
20:51 Castle Age
19:50 Fletching
20:11 Forging
22:09 Hand Cart
22:15 Bow Saw
23:31 Iron Casting
Connection lost

Rejoining the realm…

Still unreachable

The connection could not be restored.

Session expired

The server has moved on; the page needs a fresh start.